 Dungeon Crawl Stone Soup version 0.24.0-125-gc4c63601f3 (webtiles) character file.

Game seed: 12276694029833287892, levelgen mode: deterministic

2304 Descartes the Jinx (level 9, -9/34 HPs)
             Began as a Felid Enchanter on Feb 22, 2020.
             Mangled by an orc warrior
             ... wielding a +0 war axe
              (19 damage)
             ... in a bailey.
             The game lasted 00:34:47 (8171 turns).

Descartes the Jinx (Felid Enchanter)                Turns: 8171, Time: 00:34:48

Health: -9/34      AC:  7    Str:  7    XL:     9   Next: 18%
Magic:  17/17      EV: 24    Int: 17    God:
Gold:   658        SH:  0    Dex: 16    Spells: 3/18 levels left
                                        Lives:  0   Deaths: 2

rFire    . . .     SeeInvis +     - Unarmed
rCold    . . .     Gourm    .   (shield unavailable)
rNeg     . . .     Faith    .   (armour unavailable)
rPois    .         Spirit   .   (helmet unavailable)
rElec    .         Reflect  .   (cloak unavailable)
rCorr    .         Harm     .   (gloves unavailable)
MR       ++...                  (boots unavailable)
Stlth    +++++.....             f - amulet of regeneration
HPRegen  0.51/turn              c - +5 ring of protection
MPRegen  0.15/turn              v - ring of protection from magic

@: quick
A: very small, no armour, no weapons or thrown items, stealth, claws 1, fangs 3,
see invisible, carnivore, speed 1, shaggy fur 2, slow metabolism 1, sharp paws
a: no special abilities


You were in a bailey.
You were completely stuffed.

You visited 2 branches of the dungeon, and saw 10 of its levels.
You also visited: Sewer, Ossuary and Bailey.

You collected 658 gold pieces.

Inventory:

Missiles
 i - 70 arrows
 k - 250 stones
Jewellery
 c - a +5 ring of protection (left paw)
 f - an amulet of regeneration (around neck)
 v - a ring of protection from magic (right paw)
 x - a +3 ring of intelligence
Wands
 t - a wand of polymorph (6)
 z - a wand of digging (5)
Scrolls
 a - 6 scrolls of remove curse
 g - 2 scrolls of blinking
 j - 3 scrolls of fog {unknown}
 l - a scroll of immolation
 n - 5 scrolls of teleportation
 s - a scroll of identify
 u - a scroll of brand weapon {unknown}
 w - 3 scrolls of amnesia {unknown}
 y - a scroll of holy word {unknown}
 B - a scroll of enchant armour {unknown}
 D - a scroll of fear {unknown}
Potions
 d - 2 potions of lignification
 e - 4 potions of agility
 h - 7 potions of curing
 m - 2 potions of magic
 o - a potion of haste {unknown}
 q - 2 potions of flight
 r - a potion of resistance
 E - a potion of cancellation {unknown}
Miscellaneous
 p - a sack of spiders
Comestibles
 b - 13 rations
 F - 2 chunks of flesh


   Skills:
 + Level 8.3 Dodging
 + Level 9.3 Stealth
 * Level 8.5 Unarmed Combat
 - Level 5.0 Spellcasting
 + Level 2.7 Conjurations
 + Level 9.5 Hexes
 + Level 2.0 Transmutations
 - Level 3.0 Evocations


You had 3 spell levels left.
You knew the following spells:

 Your Spells              Type           Power        Failure   Level  Hunger
a - Confuse               Hex            #####...     1%          3    ###....
b - Dazzling Spray        Conj/Hex       ####..       3%          3    ###....
c - Corona                Hex            #####..      1%          1    None
d - Passwall              Tmut/Erth      #.......     14%         2    #......
e - Statue Form           Tmut/Erth      #........    100%        6    #######

Your spell library contained the following spells:

 Spells                   Type           Power        Failure   Level  Hunger
 Tukima's Dance           Hex            #####...     1%          3    ###....
 Ensorcelled Hibernation  Hex/Ice        ###...       3%          2    #......
 Sandblast                Erth           #.....       14%         1    None
 Stone Arrow              Conj/Erth      #.....       24%         3    ###....
 Petrify                  Tmut/Erth      #.......     67%         4    ####...
 Irradiate                Conj/Tmut      ##........   83%         5    ######.
 Lee's Rapid Deconstruct  Erth           #.........   98%         5    ######.
 Hydra Form               Tmut           ##........   100%        6    #######
 Dragon Form              Tmut           ##........   100%        7    #######


Dungeon Overview and Level Annotations

Branches:
Dungeon (9/15)             Temple (1/1) D:4            Lair (0/6) D:8
  Sewer (visited)         Ossuary (visited)          Bailey (1/1)
    Orc: D:9-12

Altars:
Ashenzari
Cheibriados
Dithmenos
Elyvilon
Fedhas
Gozag
Hepliaklqana
Kikubaaqudgha
Makhleb
Nemelex Xobeh
Okawaru
Qazlal
Ru
Sif Muna
Trog
Uskayaw
Vehumet
Wu Jian
Xom
Yredelemnul
The Shining One


Innate Abilities, Weirdness & Mutations

You cannot wear armour.
You are incapable of wielding weapons or throwing items.
Your paws allow you to move quietly. (Stealth)
You have sharp claws.
You have razor-sharp teeth.
You have supernaturally acute eyesight. (SInv)
You are carnivorous and can eat meat at any time.
You cover ground quickly.
You are covered in thick fur. (AC +2)
You have a slow metabolism.
Your sharp claws are effective at attacking unaware monsters.


Message History

You closely miss the orc warrior.
The orc warrior is moderately wounded.
The orc warrior hits you with a +0 war axe!
* * * LOW HITPOINT WARNING * * *
You scratch the orc warrior. You bite the orc warrior.
The orc warrior is moderately wounded.
The orc warrior misses you.
You scratch the orc warrior.
The orc warrior is heavily wounded.
The orc warrior completely misses you.
You scratch the orc warrior.
The orc warrior is heavily wounded.
You scratch the orc warrior.
The orc warrior is severely wounded.
The orc warrior misses you.
You scratch the orc warrior.
The orc warrior is almost dead.
The orc warrior hits you with a +0 war axe!!
Ouch! That really hurt!
You die...

+≈≈.......≈≈(.'^#
#≈≈.......≈≈#####
##≈.......≈##
####+++####
##.....##
#∩(...(∩#
#...8...# #..o..#
##@## ####...####
###.........###
##.......).)...##
#....).....)....#
#..........)....#
##.............##
###..÷......###
####._.####


You could see an orc warrior.

Vanquished Creatures
  An orc knight (Bailey)
  2 hippogriffs
  A wyvern (D:8)
  A hungry ghost (D:7)
  3 porcupines (D:8)
  2 orc warriors
  A sky beast (D:7)
  3 black bears (D:8)
  An ogre (D:6)
  A centaur (D:6)
  7 big kobolds
  6 bullfrogs
  2 scorpions
  5 killer bees
  7 wights
  2 crimson imps
  4 hounds
  A bullfrog zombie (D:8)
  A centaur zombie (Ossuary)
  A jelly (D:5)
  A human zombie (Ossuary)
  4 orc priests
  Crazy Yiuf (D:6)
  A bullfrog skeleton (D:8)
  A centaur skeleton (D:5)
  3 orc wizards
  Terence (D:2)
  An iguana (D:8)
  10 worker ants
  3 big kobold zombies (Ossuary)
  2 mummies (Ossuary)
  A worker ant zombie (D:7)
  Robin (D:2)
  9 adders
  3 gnolls (D:8)
  2 river rats (Sewer)
  2 shadow imps
  6 oozes
  5 worms
  A dart slug (D:4)
  2 leopard geckos
  14 orcs
  4 ball pythons
  3 bats
  4 giant cockroaches
  15 goblins
  7 hobgoblins
  8 jackals (D:6)
  A quokka (D:7)
  5 frilled lizards
  5 goblin zombies (Ossuary)
  2 hobgoblin zombies (Ossuary)
  14 kobolds
  2 orc zombies (Ossuary)
  12 rats
  A butterfly (D:4)
  A plant (D:8)
210 creatures vanquished.

Vanquished Creatures (others)
  20 fungi (D:8)
  A plant (D:8)
21 creatures vanquished.

Grand Total: 231 creatures vanquished

Notes
Turn   | Place    | Note
-------+----------+-------------------------------------------
     0 | D:1      | Descartes the Felid Enchanter began the quest for the Orb.
     0 | D:1      | Reached XP level 1. HP: 7/7 MP: 4/4
   222 | D:1      | Reached XP level 2. HP: 11/11 MP: 6/6
   571 | D:2      | Noticed Terence
   586 | D:2      | Killed Terence
   586 | D:2      | Reached XP level 3. HP: 3/14 MP: 7/7
   692 | D:2      | Noticed Robin
   731 | D:2      | Killed Robin
   731 | D:2      | Reached skill level 5 in Hexes
   765 | D:2      | Reached XP level 4. HP: 17/18 MP: 8/8
  1186 | D:2      | Learned a level 3 spell: Confuse
  1190 | D:2      | Learned a level 3 spell: Dazzling Spray
  1304 | D:2      | Found an opulent altar of Gozag.
  1306 | D:2      | Found a sparkling altar of Nemelex Xobeh.
  2031 | D:4      | Reached XP level 5. HP: 11/21 MP: 8/10
  2091 | D:4      | Found a shattered altar of Ashenzari.
  2103 | D:4      | Found a sand-covered staircase.
  2113 | Ossuary  | Entered an ossuary
  2139 | Ossuary  | Reached skill level 5 in Stealth
  2160 | Ossuary  | Gained mutation: You are covered in thick fur. (AC +2)
                  | [Felid growth]
  2160 | Ossuary  | Reached XP level 6. HP: 24/24 MP: 11/11
  2558 | D:4      | You fall into a shaft and drop 1 floor!
  2558 | D:5      | Entered Level 5 of the Dungeon
  2729 | D:5      | Reached XP level 7. HP: 22/27 MP: 13/13
  2868 | D:5      | Found a glowing drain.
  2876 | Sewer    | Entered a sewer
  2917 | Sewer    | Reached skill level 5 in Dodging
  3631 | Sewer    | Reached skill level 5 in Unarmed Combat
  3772 | Sewer    | Reached XP level 8. HP: 31/31 MP: 14/14
  3834 | D:5      | Found a stormy altar of Qazlal.
  3837 | D:5      | Noticed an air elemental
  4176 | D:4      | Found a staircase to the Ecumenical Temple.
  4184 | Temple   | Entered the Ecumenical Temple
  5096 | D:6      | Killed from afar by an orc wizard
  5097 | D:6      | Reached XP level 7. HP: -6/27 MP: 11/14
  5460 | D:6      | Found a runed translucent door.
  5461 | D:6      | Noticed Crazy Yiuf
  5583 | D:6      | Killed Crazy Yiuf
  5735 | D:6      | Reached XP level 8. HP: 6/31 MP: 11/15
  5940 | D:7      | Found a radiant altar of Vehumet.
  6231 | D:7      | You fall into a shaft and drop 1 floor!
  6423 | D:8      | Reached skill level 5 in Spellcasting
  6644 | D:8      | Reached skill level 1 in Evocations
  6767 | D:8      | Reached skill level 1 in Conjurations
  6769 | D:8      | Found a staircase to the Lair.
  6816 | D:8      | Reached XP level 9. HP: 13/34 MP: 4/17
  7169 | D:8      | Found a sacrificial altar of Ru.
  7254 | D:8      | Learned a level 2 spell: Passwall
  7261 | D:8      | Learned a level 6 spell: Statue Form
  7758 | D:9      | Reached skill level 1 in Transmutations
  8009 | D:9      | Found a flagged portal.
  8033 | Bailey   | Entered a bailey
  8082 | Bailey   | Found a burning altar of Makhleb.
  8082 | Bailey   | Noticed an orc knight
  8089 | Bailey   | Slain by an orc knight
  8090 | Bailey   | Reached XP level 8. HP: -1/31 MP: 14/16
  8112 | Bailey   | Killed an orc knight
  8112 | Bailey   | Reached XP level 9. HP: 18/34 MP: 14/17
  8171 | Bailey   | Mangled by an orc warrior

Levels and vault maps discovered:
D:1:      mrwooster_arrival_arrow, layout_rooms
D:2:      layout_loops_ring, grunt_temple_overflow_opulence, uniq_terence,
          uniq_robin
D:3:      layout_loops_ring, first_ration, minmay_misc_feat_rugged
D:4:      layout_loops_ring, ashenzari_conservatory_becter,
          minmay_temple_entry_butterflies, nicolae_ossuary_entry_ruins
D:5:      layout_rooms, lightli_sewer_entry_pipes,
          nicolae_qazlal_style_of_elements
D:6:      layout_basic, corexii_item_surrounded_by_moat, minmay_manual_mail,
          uniq_crazy_yiuf_cottage
D:7:      layout_cave_pools, fiery_altar_vehumet
D:8:      layout_loops_ring, nicolae_ru_sacrificial_ziggurat,
          due_lair_maze_entry_diamond
D:9:      layout_loops_corners, old_standard_altar, enter_bailey_2,
          hangedman_pestilent_swarm, nicolae_zen_rock_garden
Temple:   eino_temple_scatter_basement
Bailey:   bailey_axe_3, bailey

Skill      XL: |  1  2  3  4  5  6  7  8  9 |
---------------+----------------------------+-----
Dodging        | 3 4 5 7 8 |  8.3
Unarmed Combat | 2 3 4 5 7 8 |  8.5
Hexes          | 5 6 8 9 |  9.5
Stealth        | 5 6 8 9 |  9.3
Spellcasting   | 3 5 |  5.0
Evocations     | 1 3 |  3.0
Conjurations   | 1 2 |  2.7
Transmutations | 2 |  2.0

Action                   |  1- 3 |  4- 6 |  7- 9 || total
-------------------------+-------+-------+-------++-------
Melee: Unarmed           |    71 |   302 |   833 ||  1206
       Bite              |     5 |    26 |    55 ||    86
       Punch             |     2 |     4 |    21 ||    27
 Cast: Confuse           |       |       |    30 ||    30
       Dazzling Spray    |       |       |     5 ||     5
Evoke: Wand              |       |       |     1 ||     1
  Use: Scroll            |       |    12 |     3 ||    15
       Potion            |       |     2 |     2 ||     4
 Stab: Sleeping          |     7 |    11 |    22 ||    40
       Confused          |       |       |    10 ||    10
       Invisible         |       |       |     3 ||     3
       Distracted        |       |       |     2 ||     2
  Eat: Chunk             |     7 |     3 |    35 ||    45
Armor: Skin              |    11 |   182 |    87 ||   280
Dodge: Dodged            |    51 |   282 |   737 ||  1070
